 Dungeon Crawl Stone Soup version 0.30.0-29-ga12c61a403 (webtiles) character file.

Game seed: 17345125655188112361

2841 Peloso the Carver (level 9, -5/79 HPs)
             Began as a Minotaur Fighter on June 25, 2023.
             Was an Initiate of Okawaru.
             Killed from afar by an acid dragon (24 damage)
             ... with a splash of acid
             ... on level 8 of the Dungeon.
             The game lasted 00:11:58 (6814 turns).

Peloso the Carver (Minotaur Fighter)                Turns: 6814, Time: 00:11:58

Health: -5/79      AC:  7    Str: 23    XL:     9   Next: 46%
Magic:  8/8        EV:  9    Int:  5    God:    Okawaru [......]
Gold:   360        SH:  5    Dex: 12    Spells: 8/8 levels left

rFire   . . .        a - +0 long sword
rCold   . . .        d - +0 buckler
rNeg    . . .        c - +0 chain mail
rPois   .            l - +1 hat
rElec   .            x - +0 cloak
rCorr   .            j - +1 pair of gloves
SInv    .            (no boots)
Will    .....        (no amulet) Stlth
                     (no ring)
HPRegen 0.33/turn    (no ring)
MPRegen 0.11/turn

%: no passive effects
@: corroded
A: horns 2, retaliatory headbutt
a: Renounce Religion


You were on level 8 of the Dungeon.
You worshipped Okawaru.
Okawaru was noncommittal.
You visited 2 branches of the dungeon, and saw 9 of its levels.

You collected 484 gold pieces.
You spent 124 gold pieces at shops.

Inventory:

Hand Weapons
 a - a +0 long sword (weapon)
Armour
 c - a +0 chain mail (worn)
 d - a +0 buckler (worn)
 j - a +1 pair of gloves (worn)
 l - a +1 hat (worn)
 x - a +0 cloak (worn)
Magical Staves
 b - a staff of fire
Wands
 f - a wand of flame (8)
 w - a wand of roots (7)
Scrolls
 e - a scroll of summoning {unknown}
 h - 6 scrolls of amnesia
 i - 2 scrolls of poison
 m - a scroll of silence
 o - a scroll of vulnerability {unknown}
 p - a scroll of fear
 r - a scroll of immolation {unknown}
 s - a scroll of enchant weapon {unknown}
 v - 3 scrolls of teleportation {unknown}
 y - a scroll of magic mapping
 z - 3 scrolls of identify
 A - a scroll of noise {unknown}
Potions
 g - a potion of curing
 k - a potion of magic
 n - 2 potions of might
 q - a potion of berserk rage
 t - a potion of mutation
 u - a potion of heal wounds


   Skills:
 + Level 7.4 Fighting
 + Level 10.6 Long Blades
 + Level 8.6 Armour
 + Level 3.0 Dodging
 + Level 1.0 Stealth
 + Level 5.9 Shields


You had 8 spell levels left.
You didn't know any spells.
Your spell library contained the following spells:

 Spells                   Type           Power      Damage    Failure   Level
 Dazzling Flash           Conj/Hex       0%         N/A       100%        3
 Portal Projectile        Hex/Tloc       0%         N/A       100%        3
 Leda's Liquefaction      Hex/Erth       0%         N/A       100%        4
 Passage of Golubria      Tloc           0%         N/A       100%        4
 Agony                    Necr           0%         N/A       100%        5
 Silence                  Hex/Air        0%         N/A       100%        5
 Yara's Violent Unravell  Hex/Tmut       0%         3d3       100%        5
 Call Canine Familiar     Summ           Unusable   N/A       N/A         3
 Tukima's Dance           Hex            Unusable   N/A       N/A         3

Dungeon Overview and Level Annotations

Branches:
Dungeon (8/15)             Temple (1/1) D:7
   Lair: D:8-11

Altars:
Ashenzari
Cheibriados
Fedhas
Gozag
Hepliaklqana
Kikubaaqudgha
Nemelex Xobeh
Okawaru
Qazlal
Ru
Trog
Uskayaw
Vehumet
Xom
Yredelemnul
Zin
The Shining One

Shops:
D:2 =*   D:3 [   D:6 ?   D:7 (


Innate Abilities, Weirdness & Mutations

You have a pair of horns on your head.
You reflexively headbutt those who attack you in melee.


Message History

The acid dragon roars!
The acid dragon spits acid at you. The splash of acid hits you.
The acid corrodes you!
You hear a shout!
You see here a potion of curing.
The acid dragon spits acid at you. The splash of acid hits you!!
The acid corrodes you!
You completely miss the acid dragon.
You hit the acid dragon but do no damage.
Your headbutt misses the acid dragon. The acid dragon bites you.
You block the acid dragon's attack.
You barely miss the acid dragon. You headbutt the acid dragon.
The acid dragon is lightly wounded.
The acid dragon barely misses you. x2
You closely miss the acid dragon. You headbutt the acid dragon.
The acid dragon is moderately wounded.
You block the acid dragon's attack.
The acid dragon claws you but does no damage.
An orc comes into view. It is wielding a +0 short sword.
You hit the acid dragon.
The acid dragon is heavily wounded.
The acid dragon bites you! You block the acid dragon's attack.
You closely miss the acid dragon. Your headbutt misses the acid dragon.
The acid dragon is heavily wounded.
The acid dragon bites you.
The acid dragon claws you but does no damage.
You hit the acid dragon but do no damage.
The acid dragon is heavily wounded.
The acid dragon spits acid at you. The splash of acid hits you!
You hit the acid dragon but do no damage.
The acid dragon is heavily wounded.
The acid dragon bites you!
* * * LOW HITPOINT WARNING * * *
You block the acid dragon's attack.
You hit the acid dragon but do no damage.
The acid dragon is heavily wounded.
The acid dragon spits acid at you. The splash of acid hits you!!
You die...

#### #>.##
#...+ . #..#
..#
#!(##.....
#.@Do.....
#.##..####
##########.#
.#
#..........#
#
##.#########
#.# #.# #.#
#.#


You could see an acid dragon (catching breath) and an orc.

Vanquished Creatures
  Pikel (D:4)
  Prince Ribbit (D:6)
  2 steam dragons (D:7)
  2 water moccasins
  2 sky beasts (D:7)
  A black bear (D:7)
  An ogre (D:5)
  A lemure (D:4)
  A gnoll sergeant (D:5)
  4 scorpions
  A water moccasin zombie (D:5)
  5 hounds
  A jelly (D:5)
  2 gnoll boudas (D:6)
  6 orc priests
  Ijyb (D:3)
  Terence (D:2)
  A sleepcap (D:6)
  4 iguanas
  Natasha (twice) (D:2)
  2 orc wizards
  12 gnolls
  6 adders
  4 white imps
  2 ufetubi
  An adder zombie (D:5)
  2 worms
  3 dart slugs
  22 orcs
  7 bats
  4 endoplasms
  3 giant cockroaches
  6 goblins
  10 hobgoblins
  7 jackals (D:3)
  5 quokkas
  7 ball pythons
  4 frilled lizards
  8 kobolds
  6 rats
161 creatures vanquished.

Vanquished Creatures (others)
  A sky beast (D:7)
1 creature vanquished.

Grand Total: 162 creatures vanquished

Notes
Turn   | Place    | Note
-------+----------+-------------------------------------------
     0 | D:1      | Peloso the Minotaur Fighter began the quest for the Orb.
     0 | D:1      | Reached XP level 1. HP: 19/19 MP: 0/0
   165 | D:1      | Reached XP level 2. HP: 27/27 MP: 1/1
   468 | D:1      | Reached skill level 3 in Long Blades
   524 | D:1      | Found a faded altar of an unknown god.
   531 | D:1      | Reached XP level 3. HP: 33/33 MP: 2/2
   885 | D:2      | Found Ythrap's General Store.
   897 | D:2      | Bought a scroll of identify for 20 gold pieces
  1061 | D:2      | Noticed Natasha
  1067 | D:2      | Killed Natasha
  1068 | D:2      | Reached XP level 4. HP: 39/40 MP: 3/3
  1087 | D:2      | Noticed Terence
  1098 | D:2      | Reached skill level 4 in Long Blades
  1110 | D:2      | Killed Terence
  1131 | D:2      | Noticed Natasha
  1140 | D:2      | Killed Natasha
  1141 | D:2      | Reached XP level 5. HP: 19/47 MP: 4/4
  1403 | D:2      | Found Satezo Rigu's Jewellery Shop.
  1629 | D:3      | Found Pidghaxt's Antique Armour Emporium.
  1977 | D:3      | Noticed Ijyb
  1995 | D:3      | Reached skill level 5 in Long Blades
  1996 | D:3      | Reached skill level 1 in Dodging
  2021 | D:3      | Killed Ijyb
  2479 | D:3      | Reached XP level 6. HP: 11/53 MP: 5/5
  2654 | D:3      | Reached skill level 5 in Armour
  2747 | D:4      | Found a radiant altar of Vehumet.
  2828 | D:4      | Reached skill level 6 in Long Blades
  2849 | D:4      | Noticed Pikel
  2883 | D:4      | Killed Pikel
  2884 | D:4      | Reached skill level 5 in Fighting
  2884 | D:4      | Reached skill level 7 in Long Blades
  2884 | D:4      | Reached XP level 7. HP: 27/61 MP: 6/6
  3028 | D:4      | Found a glowing golden altar of the Shining One.
  3593 | D:5      | Entered Level 5 of the Dungeon
  3769 | D:5      | Reached skill level 8 in Long Blades
  3769 | D:5      | Reached XP level 8. HP: 53/69 MP: 7/7
  4118 | D:5      | Reached skill level 1 in Stealth
  4247 | D:5      | Reached skill level 5 in Shields
  4462 | D:5      | Found a basalt altar of Yredelemnul.
  4747 | D:6      | Found an ancient bone altar of Kikubaaqudgha.
  4807 | D:6      | Found a glowing silver altar of Zin.
  4807 | D:6      | Found an opulent altar of Gozag.
  4926 | D:6      | Found Aggon's Magic Scroll Boutique.
  4934 | D:6      | Bought a scroll of magic mapping for 82 gold pieces
  4934 | D:6      | Bought a scroll of identify for 22 gold pieces
  5060 | D:6      | Reached skill level 9 in Long Blades
  5226 | D:6      | Found a blossoming altar of Fedhas.
  5228 | D:6      | Found a sacrificial altar of Ru.
  5519 | D:6      | Noticed Prince Ribbit
  5534 | D:6      | Killed Prince Ribbit
  5794 | D:7      | Reached XP level 9. HP: 75/78 MP: 8/8
  5834 | D:7      | Reached skill level 10 in Long Blades
  6366 | D:7      | Found Jyrony's Antique Weapon Shoppe.
  6431 | D:7      | Found a staircase to the Ecumenical Temple.
  6441 | Temple   | Entered the Ecumenical Temple
  6448 | Temple   | Became a worshipper of Warmaster Okawaru
  6600 | D:7      | Found a hide-covered altar of Uskayaw.
  6600 | D:7      | Found a broken altar of Ashenzari.
  6738 | D:8      | Found a bloodstained altar of Trog.
  6814 | D:8      | Killed from afar by an acid dragon

Illustrated notes

Levels and vault maps discovered:
D:1:      dpeg_arrival_court, layout_loops_ring,
          dreamdust_ecumenical_altar_angels_and_demons
D:2:      layout_rooms, serial_shops, shop, shop, serial_bayou,
          serial_bayou_pond_a, serial_bayou_ford_a, serial_bayou_pond_d,
          serial_bayou_pond_d, uniq_terence, uniq_natasha
D:3:      layout_basic, serial_shops, shop, uniq_ijyb
D:4:      layout_basic, nicolae_tso_swordbearing_angel,
          nicolae_vehumet_altar_sigil, st_stairs_14, uniq_pikel
D:5:      layout_loops_ring, lemuel_zombie_altar_yredelemnul, grunt_decor_cap,
          minmay_misc_feat_doors
D:6:      layout_basic, grunt_temple_overflow_gold_and_silver,
          kiku_gazebo_pond_becter, mainiacjoe_overflow_catwalk_spiral,
          serial_shops, nicolae_shop_tiny_statue_garden, minivault_26,
          uniq_prince_ribbit1
D:7:      layout_rooms, amethyst_overflow_temple_binary,
          minmay_temple_entry_proselytizer, serial_shops, shop_fountains,
          hangedman_misty_isle
D:8:      layout_basic, old_standard_altar, amcnicky_altar_gilded,
          enter_ossuary_3, nicolae_straight_to_the_point
Temple:   nicolae_temple_ecumenical_triangle

Skill      XL: |  1  2  3  4  5  6  7  8  9 |
---------------+----------------------------+-----
Fighting       | 4 5 6 7 |  7.4
Shields        | 4 5 |  5.9
Armour         | 4 6 7 8 |  8.6
Long Blades    | 3 4 5 7 8 9 10 | 10.6
Dodging        | 1 2 3 |  3.0
Stealth        | 1 |  1.0

Action                     |  1- 3 |  4- 6 |  7- 9 || total
---------------------------+-------+-------+-------++-------
  Melee: Long sword        |    91 |   206 |   254 ||   551
         Headbutt          |    13 |    28 |    52 ||    93
  Evoke: Wand              |       |       |     3 ||     3
    Use: Potion            |     2 |     3 |     1 ||     6
         Scroll            |     2 |     2 |     6 ||    10
 Armour: Chain mail        |    67 |   131 |   128 ||   326
         Scale mail        |     1 |       |       ||     1
  Dodge: Dodged            |    43 |   102 |    93 ||   238
  Block: Buckler           |    18 |    47 |    53 ||   118
